 Dungeon Crawl Stone Soup version 0.28.0-53-g5a82cb258f (webtiles) character file.

Game seed: 8093261407021945179

1316 nickcage the Slicer (level 8, -8/37 HPs)
             Began as a Spriggan Enchanter on June 21, 2022.
             Was an Initiate of Dithmenos.
             Mangled by a mummy (14 damage)
             ... in an ossuary.
             The game lasted 00:26:12 (7461 turns).

nickcage the Slicer (Spriggan Enchanter)            Turns: 7461, Time: 00:26:13

Health: -8/37      AC:  5    Str:  4    XL:     8   Next: 33%
Magic:  13/13      EV: 18    Int: 22    God:    Dithmenos [......]
Gold:   203        SH:  0    Dex: 25    Spells: 11/13 levels left

rFire   . . .      SeeInvis +   l - +2 rapier
rCold   . . .      Faith    .   (no shield)
rNeg    . . .      Spirit   .   n - +2 animal skin
rPois   .          Reflect  .   q - +1 hat of Devotion {Int+3 Dex+4 Stlth+}
rElec   .          Harm     .   (no cloak)
rCorr   .          Rampage  .   (gloves unavailable)
Will    +....                   (boots unavailable)
Stlth   ++++......              (no amulet)
HPRegen 0.12/turn               f - +6 ring of dexterity
MPRegen 0.13/turn               (no ring)

@: very quick
A: very small, no large weapons, unfitting armour, see invisible, speed 3
a: Renounce Religion


You were in an ossuary.
You worshipped Dithmenos.
Dithmenos was noncommittal.
You visited 2 branches of the dungeon, and saw 7 of its levels.
You also visited: Ossuary.

You collected 231 gold pieces.
You spent 28 gold pieces at shops.

Inventory:

Hand Weapons
 a - a +1 dagger
 l - a +2 rapier (weapon)
 o - a +0 dagger of flaming
Missiles
 m - a throwing net
 p - 5 poisoned darts
Armour
 b - a +0 robe
 n - a +2 animal skin (worn)
 q - the +1 hat of Devotion (worn) {Int+3 Dex+4 Stlth+}
   (You acquired it on level 5 of the Dungeon)

   Int:       It affects your intelligence (+3).
   Dex:       It affects your dexterity (+4).
   Stlth:     It makes you more stealthy.
Jewellery
 f - a +6 ring of dexterity (left hand)
 h - an amulet of faith
Wands
 s - a wand of acid (13)
 u - a wand of flame (19)
Scrolls
 d - a scroll of teleportation
 k - 4 scrolls of identify
 v - a scroll of vulnerability {unknown}
Potions
 c - a potion of invisibility
 e - a potion of heal wounds
 g - a potion of curing
 i - 2 potions of lignification
 j - a potion of might
 r - a potion of ambrosia {unknown}
 t - 2 potions of mutation {unknown}


   Skills:
 + Level 0.9 Fighting
 + Level 10.1 Short Blades
 - Level 1.1 Throwing
 - Level 2.8 Dodging
 - Level 4.7 Stealth
 + Level 3.1 Spellcasting
 - Level 5.1 Hexes


You had 11 spell levels left.
You knew the following spells:

 Your Spells              Type           Power      Damage    Failure   Level
a - Ensorcelled Hibernat  Hex/Ice        28%        N/A       6%          2

Your spell library contained the following spells:

 Spells                   Type           Power      Damage    Failure   Level
 Confusing Touch          Hex            26%        N/A       4%          3
 Tukima's Dance           Hex            26%        N/A       4%          3
 Sandblast                Erth           6%         2d5       12%         1
 Shock                    Conj/Air       12%        1d3       12%         1
 Dazzling Flash           Conj/Hex       28%        N/A       13%         3
 Passwall                 Tmut/Erth      2%         N/A       19%         2
 Stone Arrow              Conj/Erth      6%         3d7       36%         3
 Swiftness                Air            3%         N/A       36%         3
 Airstrike                Air            1%         N/A       77%         4


Dungeon Overview and Level Annotations

Branches:
Dungeon (6/15)             Temple (1/1) D:6         Ossuary (1/1)

Altars:
Cheibriados
Dithmenos
Fedhas
Okawaru
Ru
Trog
Uskayaw
Wu Jian
Yredelemnul
The Shining One

Shops:
D:1 ?*=?(   D:3 ?

Annotations:
D:4 Menkaure


Innate Abilities, Weirdness & Mutations

You are very small and have problems with some larger weapons.
You are too small for most types of armour.
You have supernaturally acute eyesight. (SInv)
You cover ground extremely quickly. (Speed+++)


Message History

The mummy is lightly damaged.
The mummy hits you!
You barely miss the mummy.
The mummy is lightly damaged.
You hit the mummy.
The mummy is moderately damaged.
The mummy completely misses you. The mummy hits you but does no damage.
You barely miss the mummy.
The mummy is moderately damaged.
You hit the mummy.
The mummy is heavily damaged.
The mummy barely misses you. The mummy completely misses you.
You hit the mummy but do no damage.
The mummy is heavily damaged.
You hit the mummy.
The mummy is heavily damaged.
You completely miss the mummy.
The mummy is heavily damaged.
The mummy closely misses you. The mummy hits you!
You hit the mummy.
The mummy is severely damaged.
You hit the mummy.
The mummy is almost destroyed.
The mummy misses you. The mummy closely misses you.
You hit the mummy.
You destroy the mummy!
Dithmenos accepts your kill.
You hit the mummy.
The mummy is lightly damaged.
The mummy barely misses you.
You hit the mummy.
The mummy is lightly damaged.
You hit the mummy but do no damage.
The mummy is lightly damaged.
You hit the mummy.
The mummy is heavily damaged.
The mummy hits you!
* * * LOW HITPOINT WARNING * * *
The mummy hits you!
You die...

####
#..######
##M@....#
#...∩.∩.+
##......#
#..######
####


You could see a mummy.

Vanquished Creatures
  Eustachio (D:5)
  An ice beast (D:5)
  An ogre (D:5)
  2 phantoms
  Blork the orc (D:5)
  A bullfrog (D:6)
  3 scorpions (D:5)
  2 wights
  A centaur zombie (D:6)
  A centaur skeleton (D:3)
  An iguana (D:5)
  A scorpion zombie (D:5)
  Ijyb (D:5)
  An orc wizard (D:5)
  A hound zombie (D:5)
  2 mummies (Ossuary)
  A howler monkey zombie (D:5)
  Robin (D:2)
  4 gnolls (D:2)
  8 adders
  2 worms (D:2)
  3 dart slugs
  13 orcs
  5 bats
  6 endoplasms
  3 giant cockroaches
  15 goblins
  5 hobgoblins
  3 jackals
  9 kobolds
  4 quokkas
  6 ball pythons
  3 frilled lizards
  7 rats
119 creatures vanquished.

Vanquished Creatures (others)
  2 fungi (D:4)
2 creatures vanquished.

Grand Total: 121 creatures vanquished

Notes
Turn   | Place    | Note
-------+----------+-------------------------------------------
     0 | D:1      | nickcage the Spriggan Enchanter began the quest for the
                  | Orb.
     0 | D:1      | Reached XP level 1. HP: 9/9 MP: 5/5
    32 | D:1      | Found Jaykh's Magic Scroll Shoppe.
    43 | D:1      | Found Safiukik's Jewellery Boutique.
   156 | D:1      | Found Resowery's General Store.
   218 | D:1      | Reached XP level 2. HP: 5/13 MP: 6/6
   221 | D:1      | Learned a level 2 spell: Ensorcelled Hibernation
   457 | D:1      | Found Banlalecut's Magic Scroll Emporium.
   668 | D:1      | Found Kiegaix's Weapon Shop.
  1136 | D:2      | Reached XP level 3. HP: 16/16 MP: 8/8
  1289 | D:2      | Noticed Robin
  1311 | D:2      | Reached skill level 5 in Hexes
  1551 | D:2      | Reached skill level 2 in Short Blades
  1615 | D:2      | Found a faded altar of an unknown god.
  1751 | D:2      | Reached XP level 4. HP: 21/21 MP: 9/9
  2010 | D:2      | Reached skill level 3 in Short Blades
  2932 | D:2      | Killed Robin
  3274 | D:3      | Found Qybbut's Magic Scroll Boutique.
  3284 | D:3      | Reached XP level 5. HP: 24/24 MP: 10/10
  3338 | D:3      | Bought a scroll of identify for 28 gold pieces
  3450 | D:3      | Reached skill level 4 in Short Blades
  4040 | D:3      | Found a bloodstained altar of Trog.
  4430 | D:4      | Reached skill level 5 in Short Blades
  4867 | D:4      | Noticed a phantom
  4869 | D:4      | Killed a phantom
  4870 | D:4      | Reached XP level 6. HP: 28/28 MP: 11/11
  4872 | D:4      | Noticed Menkaure
  5126 | D:4      | Found an iron altar of Okawaru.
  5129 | D:4      | Found a blossoming altar of Fedhas.
  5250 | D:4      | Found an ornate altar of the Wu Jian Council.
  5345 | D:5      | Entered Level 5 of the Dungeon
  5354 | D:5      | Reached skill level 6 in Short Blades
  5411 | D:5      | Reached skill level 7 in Short Blades
  5411 | D:5      | Reached XP level 7. HP: 32/32 MP: 9/12
  5549 | D:5      | Reached skill level 8 in Short Blades
  6009 | D:5      | Noticed Eustachio
  6009 | D:5      | Noticed Ijyb
  6011 | D:5      | Killed Ijyb
  6015 | D:5      | Killed Eustachio
  6016 | D:5      | Reached skill level 9 in Short Blades
  6016 | D:5      | Reached skill level 1 in Throwing
  6050 | D:5      | Found a sacrificial altar of Ru.
  6059 | D:5      | Reached XP level 8. HP: 36/36 MP: 13/13
  6102 | D:5      | Noticed Blork the orc
  6105 | D:5      | Killed Blork the orc
  6249 | D:5      | Identified a scroll of acquirement
  6249 | D:5      | Acquired the +1 hat of Devotion {Int+3 Dex+4 Stlth+}
  6714 | D:5      | HP: 1/35 [wight/+4 mace (3)]
  7294 | D:6      | Reached skill level 10 in Short Blades
  7325 | D:6      | Found a staircase to the Ecumenical Temple.
  7334 | Temple   | Entered the Ecumenical Temple
  7393 | Temple   | Became a worshipper of Dithmenos the Shadowed
  7427 | D:6      | Found a sand-covered staircase.
  7435 | Ossuary  | Entered an ossuary
  7461 | Ossuary  | Mangled by a mummy

Illustrated notes

Levels and vault maps discovered:
D:1:      lemuel_arrival_funnel, layout_loops_cross, serial_shops, shop,
          nicolae_shop_statue_plus, shop, shop, shop, lemuel_old_faithful
D:2:      layout_basic, basic_ecumenical_altar, minivault_4,
          grunt_decor_resistance, minmay_goblin_outpost, uniq_robin
D:3:      layout_basic, trog_three_pillars_becter, serial_shops,
          nicolae_shop_statue_plus
D:4:      layout_cave_pools, mainiacjoe_overflow_paths,
          mainiacjoe_overflow_boulevard, nicolae_wu_jian_glorious_leap,
          uniq_menkaure
D:5:      layout_basic, nicolae_ru_great_annihilating_truth,
          nicolae_overflow_hidden_temple, chequers_serial_rivers_large_a,
          minmay_misc_feat_chi, uniq_blork_the_orc, uniq_eustachio, uniq_ijyb
D:6:      layout_cave_pools, temple_fountains, enter_ossuary_4, st_stairs_13
Temple:   zaba_magenta_temple
Ossuary:  ossuary_minmay_chase

Skill      XL: |  1  2  3  4  5  6  7  8 |
---------------+-------------------------+-----
Hexes          | 4 5 |  5.1
Short Blades   | 2 3 5 7 9 10 | 10.1
Throwing       | 1 |  1.1
Spellcasting   | 3 |  3.1
Fighting       | |  0.9
Dodging        | |  2.8
Stealth        | |  4.7

Action                   |  1- 3 |  4- 6 |  7- 9 || total
-------------------------+-------+-------+-------++-------
Melee: Dagger            |    86 |    71 |       ||   157
       Punch             |       |     1 |     2 ||     3
       Rapier            |       |    13 |   116 ||   129
Throw: Dart              |       |       |    12 ||    12
       Throwing net      |       |       |     1 ||     1
 Cast: Ensorcelled Hiber |    21 |    58 |    10 ||    89
  Use: Scroll            |       |    10 |     5 ||    15
 Stab: Sleeping          |    34 |    43 |    15 ||    92
       Distracted        |       |     1 |     2 ||     3
Armor: Robe              |     5 |     2 |       ||     7
       Animal skin       |       |     9 |    12 ||    21
Dodge: Dodged            |    42 |    63 |    60 ||   165
